 Dungeon Crawl Stone Soup version 0.17.1-3-g152610e (webtiles) character file.

527 Charly the Cleaver (level 7, -2/60 HPs)
             Began as a Hill Orc Berserker on Apr 19, 2016.
             Was a Believer of Trog.
             Slain by a cyclops (21 damage)
             ... on level 6 of the Dungeon.
             The game lasted 00:10:21 (648 turns).

Charly the Cleaver (Hill Orc Berserker)              Turns: 648, Time: 00:10:21

Health: -2/60      AC: 11    Str: 20    XL:     7   Next: 23%
Magic:  7/7        EV:  8    Int:  7    God:    Trog [**....]
Gold:   65         SH:  0    Dex: 12    Spells: 0 memorised, 6 levels left

rFire  . . .     SeeInvis .     n - +1 hand axe (chop)
rCold  . . .     Clarity  .     o - +0 chain mail
rNeg   . . .     SustAt   .     (no shield)
rPois  .         Gourm    .     l - +1 helmet
rElec  .         Spirit   .     (no cloak)
rCorr  .         Warding  .     (no gloves)
rMut   .         Stasis   .     (no boots)
MR     .....                    (no amulet)
Stlth  ..........               (no ring)
                                (no ring)

@: exhausted, slowed, very slow, not resistant to hostile enchantments,
extremely unstealthy
A: no striking features
a: Berserk, Trog's Hand, Burn Spellbooks, Renounce Religion


You were on level 6 of the Dungeon.
You worshipped Trog.
Trog was pleased with you.
You were not hungry.

You visited 1 branch of the dungeon, and saw 6 of its levels.

You collected 65 gold pieces.

Inventory:

Hand Weapons
 n - a +1 hand axe of chopping (weapon)
Armour
 l - a +1 helmet (worn)
 o - a +0 chain mail (worn)
Scrolls
 b - a scroll of remove curse {unknown}
 f - a scroll of teleportation {unknown}
 g - 3 scrolls of identify {unknown}
Potions
 a - a potion of haste {unknown}
 d - 2 potions of heal wounds {unknown}
 e - a potion of resistance {unknown}
 h - 2 potions of degeneration {unknown}
 j - a potion of curing {unknown}
 k - a potion of mutation {unknown}
 m - 3 potions of invisibility {unknown}
Comestibles
 c - 2 bread rations


   Skills:
 + Level 4.3 Fighting
 * Level 9.2 Axes
 + Level 3.3 Armour
 + Level 2.4 Dodging


You had 6 spell levels left.
You didn't know any spells.

Dungeon Overview and Level Annotations

Branches:
Dungeon (6/15)
 Temple: D:4-7

Altars:
Okawaru


Message History

You hit the cyclops.
The cyclops is heavily wounded.
Your skin stops crawling.
You feel less resistant to hostile enchantments.
The cyclops barely misses you.
You hit the cyclops but do no damage.
The cyclops is heavily wounded.
The cyclops hits you but does no damage.
You hit the cyclops but do no damage.
The cyclops is heavily wounded.
The cyclops hits you but does no damage.
You hit the cyclops.
The cyclops is heavily wounded.
The cyclops hits you!
You hit the cyclops.
The cyclops is severely wounded.
You hit the cyclops but do no damage.
The cyclops is severely wounded.
The cyclops hits you!!
You die...

###########
#.........########
#...........# ##
#.##.######C####### ?.
#.##......@........ ##.
#.#########(###### ...#
##.## #W# ....##o..##
##<########
......###.######..........
....(.# #......##.########
...o..###...##.##.#
....##............# ...#
#.........####


You could see a cyclops and a hungry ghost.

Vanquished Creatures
  A phantom (D:6)
  A giant frog (D:6)
  A water moccasin zombie (D:5)
  A centaur zombie (D:5)
  3 centaur skeletons
  An orc priest (D:5)
  2 orc wizards
  A worker ant (D:5)
  Natasha (twice) (D:3)
  A shadow imp (D:6)
  An adder skeleton (D:5)
  An adder zombie (D:5)
  3 orcs (D:5)
  A giant cockroach (D:3)
  A goblin (D:3)
  A hobgoblin (D:3)
  3 quokkas
  3 bats
  A giant cockroach zombie (D:5)
  A giant gecko skeleton (D:3)
  2 giant newts (D:3)
  6 jackals (D:4)
  A jackal skeleton (D:5)
  A jackal zombie (D:5)
  2 rats
42 creatures vanquished.

Notes
Turn   | Place    | Note
--------------------------------------------------------------
     0 | D:1      | Charly the Hill Orc Berserker began the quest for the Orb.
     0 | D:1      | Reached XP level 1. HP: 19/19 MP: 1/1
   136 | D:3      | Noticed Natasha
   138 | D:3      | Killed Natasha
   138 | D:3      | Reached skill level 5 in Axes
   138 | D:3      | Reached XP level 2. HP: 26/26 MP: 2/2
   138 | D:3      | Reached XP level 3. HP: 31/31 MP: 3/3
   235 | D:3      | Found an iron altar of Okawaru.
   269 | D:3      | Noticed Natasha
   276 | D:3      | Killed Natasha
   280 | D:3      | Reached skill level 6 in Axes
   318 | D:4      | Reached XP level 4. HP: 20/39 MP: 4/4
   382 | D:5      | Entered Level 5 of the Dungeon
   393 | D:5      | Reached skill level 7 in Axes
   395 | D:5      | Reached XP level 5. HP: 17/45 MP: 5/5
   396 | D:5      | Reached ** piety under Trog
   399 | D:5      | Reached skill level 8 in Axes
   496 | D:5      | Reached XP level 6. HP: 37/52 MP: 6/6
   504 | D:5      | Noticed a phantom
   562 | D:6      | Noticed a hungry ghost
   587 | D:6      | Reached skill level 9 in Axes
   587 | D:6      | Reached XP level 7. HP: 27/59 MP: 7/7
   600 | D:6      | Noticed a cyclops
   648 | D:6      | Slain by a cyclops

Action                   |  1- 3 |  4- 6 |  7- 9 || total
-------------------------+-------+-------+-------++-------
Melee: Hand axe          |    39 |    54 |    21 ||   114
Invok: Berserk           |     3 |     3 |     1 ||     7
       Trog's Hand       |       |     2 |     1 ||     3
  Eat: Chunk             |       |     3 |       ||     3
       Meat ration       |       |     1 |       ||     1
